[Event "EYCC Girls-U12 2019"]
[Site "Bratislava"]
[Date "2019.08.09"]
[Round "8.2"]
[White "Shvedova, Alexandra"]
[Black "Manko, Mariya"]
[Result "1-0"]
[ECO "B01"]
[WhiteElo "1932"]
[BlackElo "1807"]
[Annotator "NA"]
[PlyCount "101"]
[EventDate "2019.08.02"]
[EventType "swiss"]
[EventCountry "SVK"]
[SourceTitle "playchess.com"]
[Source "ChessBase"]
[SourceQuality "1"]
[TimeControl "40/5400+30:1800+30"]

1. e4 d5 2. exd5 Qxd5 3. Nf3 Bg4 4. Be2 c6 5. c4 Qd8 6. d4 Nf6 7. Nc3 e6 8. O-O Be7 9. Qb3 Qc7 10. Bg5 O-O 11. Rac1 Nbd7 12. Rfd1 Rad8 13. Bh4 Qb6 14. h3 Qxb3 15. axb3 Bxf3 16. Bxf3 c5 17. Bxf6 Bxf6 18. d5 Ne5 19. Be2 exd5 20. cxd5 Nd7 21. Ra1 a6 22. Rd2 Rfe8 23. g3 g6 24. Bf3 Ne5 25. Bg2 c4 26. Ne4 Bg7 27. f4 Nd3 28. bxc4 Nxb2 29. Rc1 a5 30. Rcc2 Re7 31. Rxb2 Bxb2 32. Rxb2 Rc7 33. Bf1 a4 34. c5 a3 35. Ra2 Ra8 36. d6 Rcc8 37. Bc4 Kg7 38. Bd5 Ra7 39. Kf2 h6 40. Rc2 Ra5 41. Ba2 f5 42. Nd2 Kf6 43. Nb3 Raa8 44. Nd4 Re8 45. Nb5 Ra5 46. Nc7 Rd8 47. Re2 Rxc5 48. Ne6 Rcc8 49. Nxd8 Rxd8 50. Re6+ Kg7 51. Ke3 1-0

[Event "EYCC Girls-U12 2019"]
[Site "Bratislava"]
[Date "2019.08.09"]
[Round "8.3"]
[White "Musabayeva, Diana"]
[Black "Huang, Wendy"]
[Result "1/2-1/2"]
[ECO "B90"]
[WhiteElo "1679"]
[BlackElo "1784"]
[Annotator "NA"]
[PlyCount "65"]
[EventDate "2019.08.02"]
[EventType "swiss"]
[EventCountry "SVK"]
[SourceTitle "playchess.com"]
[Source "ChessBase"]
[SourceQuality "1"]
[TimeControl "40/5400+30:1800+30"]

1. e4 c5 2. Nf3 d6 3. d4 cxd4 4. Nxd4 Nf6 5. Nc3 a6 6. f3 e5 7. Nb3 Be6 8. Be3 Be7 9. Qd2 Nbd7 10. O-O-O O-O 11. g4 b5 12. g5 Nh5 13. Rg1 b4 14. Ne2 a5 15. Kb1 a4 16. Nbc1 Qa5 17. Ng3 Nxg3 18. hxg3 Rfc8 19. f4 f5 20. Bd3 exf4 21. gxf4 Nf8 22. exf5 Bxf5 23. Bxf5 Qxf5 24. Qd5+ Qxd5 25. Rxd5 Ne6 26. f5 Nc7 27. Rd4 d5 28. Nd3 Rab8 29. Bf4 Rb5 30. Re1 Kf8 31. Bxc7 Rxc7 32. Nf4 Rc4 33. Ne6+ 1/2-1/2

[Event "EYCC Girls-U12 2019"]
[Site "Bratislava"]
[Date "2019.08.09"]
[Round "8.4"]
[White "Verheij, Dana"]
[Black "Ivanova, Dilyana"]
[Result "1-0"]
[ECO "B80"]
[WhiteElo "1497"]
[BlackElo "1734"]
[Annotator "NA"]
[PlyCount "117"]
[EventDate "2019.08.02"]
[EventType "swiss"]
[EventCountry "SVK"]
[SourceTitle "playchess.com"]
[Source "ChessBase"]
[SourceQuality "1"]
[TimeControl "40/5400+30:1800+30"]

1. e4 c5 2. Nf3 e6 3. d4 cxd4 4. Nxd4 Nf6 5. Nc3 d6 6. h3 a6 7. g4 h6 8. Bg2 Qc7 9. O-O Nc6 10. Be3 Bd7 11. f4 O-O-O 12. Rb1 e5 13. Nde2 Na5 14. Qe1 Nc4 15. Bf2 Bc6 16. Nd5 Bxd5 17. exd5 Re8 18. b3 Nb6 19. Qd2 exf4 20. Nxf4 g5 21. Qd4 Nbd7 22. Nh5 Qd8 23. Nxf6 Nxf6 24. Qc3+ Kb8 25. Bd4 Bg7 26. Bxf6 Qb6+ 27. Kh1 Re3 28. Qd2 Bxf6 29. Rxf6 Rhe8 30. Qf2 Qb4 31. Rf1 Re2 32. Qg3 Qd2 33. Qxd6+ Ka8 34. Qg3 R8e3 35. R6f3 Rxf3 36. Bxf3 Re3 37. Qf2 Qc3 38. d6 Re8 39. d7 Rd8 40. Re1 Qc7 41. Re8 Qxd7 42. Rxd8+ Qxd8 43. c4 Qd6 44. Bd5 f6 45. Qf5 Qe7 46. Qe6 Qb4 47. Qxa6+ Kb8 48. Qxb7+ Qxb7 49. Bxb7 Kxb7 50. Kg2 Kc6 51. Kf3 Kd6 52. Ke4 Kc6 53. b4 Kd6 54. a4 Kc6 55. a5 Kb7 56. b5 Ka7 57. c5 Kb7 58. a6+ Ka7 59. Kf5 1-0

[Event "EYCC Girls-U12 2019"]
[Site "Bratislava"]
[Date "2019.08.09"]
[Round "8.5"]
[White "Karmanova, Olga Dm."]
[Black "Denic, Hana"]
[Result "0-1"]
[ECO "A05"]
[WhiteElo "1838"]
[BlackElo "1821"]
[Annotator "NA"]
[PlyCount "60"]
[EventDate "2019.08.02"]
[EventType "swiss"]
[EventCountry "SVK"]
[SourceTitle "playchess.com"]
[Source "ChessBase"]
[SourceQuality "1"]
[TimeControl "40/5400+30:1800+30"]

1. Nf3 Nf6 2. g3 e6 3. Bg2 Be7 4. O-O O-O 5. d3 d6 6. e4 e5 7. h3 Be6 8. Be3 c6 9. c3 Qc7 10. Ng5 h6 11. Nxe6 fxe6 12. Qb3 d5 13. Nd2 Nbd7 14. d4 Kh8 15. dxe5 Nxe5 16. f4 Ng6 17. e5 Nh5 18. Qc2 Nxe5 19. fxe5 Qxe5 20. Bd4 Qxg3 21. Rxf8+ Rxf8 22. Nf1 Qg5 23. Be3 Nf4 24. Bxf4 Rxf4 25. Re1 Bc5+ 26. Ne3 Rf3 27. Kh1 Rxe3 28. Rf1 Qg3 29. Rg1 Re1 30. Rxe1 Qxe1+ 0-1

[Event "EYCC Girls-U12 2019"]
[Site "Bratislava"]
[Date "2019.08.09"]
[Round "8.6"]
[White "Vlasova, Olesia"]
[Black "Suarez Gomez, Paula"]
[Result "1-0"]
[ECO "A06"]
[WhiteElo "1799"]
[BlackElo "1438"]
[Annotator "NA"]
[PlyCount "71"]
[EventDate "2019.08.02"]
[EventType "swiss"]
[EventCountry "SVK"]
[SourceTitle "playchess.com"]
[Source "ChessBase"]
[SourceQuality "1"]
[TimeControl "40/5400+30:1800+30"]

1. Nf3 d5 2. g3 Nf6 3. Bg2 Bf5 4. c4 c6 5. cxd5 cxd5 6. Qb3 Qb6 7. Qxb6 axb6 8. Nc3 Nc6 9. O-O h6 10. d3 e6 11. Bf4 Be7 12. a3 O-O 13. Rac1 Nh5 14. Bd2 Rfc8 15. Nb5 Bh7 16. Rc2 Na5 17. Rfc1 Rxc2 18. Rxc2 Nc6 19. Nfd4 Nxd4 20. Nxd4 Bd8 21. Nb5 g5 22. Be3 Nf6 23. Nd6 Ng4 24. Bd4 e5 25. h3 exd4 26. hxg4 Bf6 27. Bxd5 Rd8 28. Rc8 Bg6 29. Bxb7 Kf8 30. Nc4 Rxc8 31. Bxc8 Bd8 32. Kg2 Bc7 33. Bf5 Bxf5 34. gxf5 h5 35. Kf3 Ke7 36. a4 1-0

[Event "EYCC Girls-U12 2019"]
[Site "Bratislava"]
[Date "2019.08.09"]
[Round "8.7"]
[White "Zhou, Lepu Coco"]
[Black "Buyuk, Ecrin Efsa"]
[Result "0-1"]
[ECO "B10"]
[WhiteElo "1861"]
[BlackElo "1592"]
[Annotator "NA"]
[PlyCount "108"]
[EventDate "2019.08.02"]
[EventType "swiss"]
[EventCountry "SVK"]
[SourceTitle "playchess.com"]
[Source "ChessBase"]
[SourceQuality "1"]
[TimeControl "40/5400+30:1800+30"]

1. e4 c6 2. Nc3 d5 3. Nf3 Nf6 4. e5 Ne4 5. d4 Nxc3 6. bxc3 e6 7. Bd3 c5 8. O-O c4 9. Be2 Be7 10. Be3 Nd7 11. Ne1 Nb6 12. f4 O-O 13. Nf3 Na4 14. Qe1 Ba3 15. f5 exf5 16. Qg3 Nxc3 17. Rae1 Ne4 18. Qf4 Be7 19. h4 h6 20. Qh2 b5 21. g3 a5 22. Nd2 Nxd2 23. Bxd2 Be6 24. Bd1 Ra6 25. c3 Qd7 26. Bc2 b4 27. Qf2 Rb8 28. Rb1 Rab6 29. Bxf5 Bxf5 30. Qxf5 Qxf5 31. Rxf5 b3 32. axb3 Rxb3 33. Rbf1 Rb1 34. Rxf7 Rxf1+ 35. Rxf1 a4 36. Ra1 a3 37. Kf2 Kf7 38. Ke3 h5 39. Rf1+ Ke6 40. Ra1 Rb2 41. Bc1 Rb3 42. Kd2 Kf5 43. Kc2 Kg4 44. e6 Kf5 45. Rb1 Rxb1 46. Kxb1 Kxe6 47. Ka2 Bd6 48. Bg5 Kf5 49. Bd8 Ke4 50. Bb6 Kd3 51. Ba5 g6 52. Kb1 Bxg3 53. Bb4 Bxh4 54. Ka2 Be1 0-1

[Event "EYCC Girls-U12 2019"]
[Site "Bratislava"]
[Date "2019.08.09"]
[Round "8.8"]
[White "Gadasi, Noam"]
[Black "Van, Foreest Machteld"]
[Result "0-1"]
[ECO "E17"]
[WhiteElo "1585"]
[BlackElo "2186"]
[Annotator "NA"]
[PlyCount "142"]
[EventDate "2019.08.02"]
[EventType "swiss"]
[EventCountry "SVK"]
[SourceTitle "playchess.com"]
[Source "ChessBase"]
[SourceQuality "1"]
[TimeControl "40/5400+30:1800+30"]

1. d4 Nf6 2. c4 e6 3. Nf3 b6 4. g3 Bb7 5. Bg2 Be7 6. O-O O-O 7. Re1 Na6 8. Nc3 Ne4 9. Bf4 Bf6 10. Qc2 d5 11. cxd5 exd5 12. Be5 Nb4 13. Qb3 Nxc3 14. Qxc3 Nc6 15. Rac1 Be7 16. a3 Nxe5 17. Nxe5 c5 18. Red1 c4 19. Nxc4 Rc8 20. Qd2 Bf6 21. Ne3 Qd7 22. Qd3 Bc6 23. Qf5 Qxf5 24. Nxf5 Ba4 25. Rf1 g6 26. Ne3 Bxd4 27. Nxd5 Rxc1 28. Rxc1 Bxb2 29. Rc7 Bxa3 30. Rxa7 b5 31. Nc3 Bc5 32. Ra6 Bb3 33. Rc6 Bb4 34. Nxb5 Ba4 35. Rb6 Rd8 36. Nc7 Ba5 37. Ra6 Rd1+ 38. Bf1 Bd7 39. Ra8+ Kg7 40. Ne8+ Kh6 41. g4 Bc3 42. f3 Be5 43. h3 f6 44. h4 Bb5 45. Kg2 g5 46. h5 Rd7 47. Ra5 Rb7 48. f4 gxf4 49. g5+ Kxg5 50. Nd6 Bxd6 51. e4 fxe3 52. Rxb5+ Rxb5 53. Bxb5 Kxh5 54. Bd3 Bc5 55. Kf3 Kh6 56. Kg4 Kg7 57. Be2 h6 58. Bd3 Kf7 59. Kh5 f5 60. Kxh6 Be7 61. Bc4+ Kf6 62. Kh5 Ke5 63. Be2 Ke4 64. Ba6 Bd8 65. Be2 Be7 66. Ba6 Kf3 67. Kg6 f4 68. Kf5 Bd6 69. Bb5 e2 70. Bxe2+ Kxe2 71. Kg4 f3 0-1

[Event "EYCC Girls-U12 2019"]
[Site "Bratislava"]
[Date "2019.08.09"]
[Round "8.9"]
[White "Sala, Giulia"]
[Black "Mikheeva, Galina"]
[Result "0-1"]
[ECO "C50"]
[WhiteElo "1623"]
[BlackElo "1952"]
[Annotator "NA"]
[PlyCount "52"]
[EventDate "2019.08.02"]
[EventType "swiss"]
[EventCountry "SVK"]
[SourceTitle "playchess.com"]
[Source "ChessBase"]
[SourceQuality "1"]
[TimeControl "40/5400+30:1800+30"]

1. e4 e5 2. Nf3 Nc6 3. Bc4 Bc5 4. O-O Nf6 5. d3 O-O 6. Nbd2 d6 7. c3 Be6 8. Bb3 d5 9. exd5 Bxd5 10. h3 Re8 11. Re1 h6 12. Qc2 Bb6 13. Ba4 Qd6 14. b4 Bxf3 15. Nxf3 Rad8 16. Rd1 e4 17. Ne1 exd3 18. Nxd3 Ne4 19. Bb2 Qf6 20. c4 Bd4 21. Bxd4 Nxd4 22. Qb2 c6 23. b5 Nc3 24. Qa3 Nxd1 25. Rxd1 Ne2+ 26. Kf1 Qc3 0-1

[Event "EYCC Girls-U12 2019"]
[Site "Bratislava"]
[Date "2019.08.09"]
[Round "8.10"]
[White "Schippke, Manon"]
[Black "Norman, Kseniya"]
[Result "1-0"]
[ECO "B06"]
[WhiteElo "1743"]
[BlackElo "1532"]
[Annotator "NA"]
[PlyCount "131"]
[EventDate "2019.08.02"]
[EventType "swiss"]
[EventCountry "SVK"]
[SourceTitle "playchess.com"]
[Source "ChessBase"]
[SourceQuality "1"]
[TimeControl "40/5400+30:1800+30"]

1. e4 g6 2. d4 Bg7 3. Nc3 d6 4. Be3 Nd7 5. h4 h6 6. Qd2 a6 7. Bd3 b5 8. a4 b4 9. Nce2 a5 10. Ng3 e6 11. O-O-O Nb6 12. Bb5+ Bd7 13. Bxd7+ Qxd7 14. b3 Rb8 15. f4 Ne7 16. h5 Nxa4 17. bxa4 Qxa4 18. Qd3 b3 19. Kd2 Qa2 20. Nf3 b2 21. Rb1 a4 22. Ne2 Nc6 23. Nc3 Qa3 24. Qc4 Na5 25. Qxc7 Qb4 26. Ke2 Rb7 27. Rxb2 Qxb2 28. Qxa5 a3 29. Kd2 Qb6 30. Qxb6 Rxb6 31. Ra1 Ra6 32. hxg6 fxg6 33. Nb5 Kd7 34. Rxa3 Rxa3 35. Nxa3 Bf6 36. e5 dxe5 37. fxe5 Be7 38. Nb5 g5 39. c4 g4 40. Ne1 Bb4+ 41. Nc3 Rc8 42. Kd3 h5 43. g3 Be7 44. Bf2 Rg8 45. Ne4 h4 46. gxh4 g3 47. Bxg3 Rxg3+ 48. Nxg3 Bxh4 49. Ne4 Bxe1 50. Nc5+ Ke7 51. d5 exd5 52. cxd5 Bg3 53. d6+ Kd8 54. Ke4 Bh2 55. Kd5 Bg3 56. Ne4 Bh4 57. Nf6 Kc8 58. Ke6 Kd8 59. Kf7 Bg3 60. Ng4 Bf4 61. Ke6 Bg5 62. Kd5 Bh4 63. e6 Bg5 64. Ke5 Bh4 65. Nf6 Bg3+ 66. Kd5 1-0

[Event "EYCC Girls-U12 2019"]
[Site "Bratislava"]
[Date "2019.08.09"]
[Round "8.11"]
[White "Orian, Noga"]
[Black "Siekanska, Maria"]
[Result "0-1"]
[ECO "D02"]
[WhiteElo "1628"]
[BlackElo "1561"]
[Annotator "NA"]
[PlyCount "88"]
[EventDate "2019.08.02"]
[EventType "swiss"]
[EventCountry "SVK"]
[SourceTitle "playchess.com"]
[Source "ChessBase"]
[SourceQuality "1"]
[TimeControl "40/5400+30:1800+30"]

1. d4 d5 2. Nf3 e6 3. Bf4 c5 4. e3 Nc6 5. c3 Bd6 6. Bg3 Nf6 7. Nbd2 O-O 8. Bd3 b6 9. O-O Bxg3 10. hxg3 Bb7 11. Qe2 Re8 12. Ba6 Bxa6 13. Qxa6 Qc7 14. Qd3 Rad8 15. Rad1 h6 16. Rfe1 Ng4 17. Qe2 e5 18. dxe5 Ngxe5 19. Nxe5 Nxe5 20. Nf3 Ng4 21. Qc2 Nf6 22. c4 dxc4 23. Qxc4 Rd7 24. Kf1 Red8 25. Ke2 Rxd1 26. Rxd1 Rxd1 27. Kxd1 Qd6+ 28. Ke2 Kf8 29. Qf4 Qd7 30. b3 Qb5+ 31. Qc4 Qxc4+ 32. bxc4 Ne4 33. a3 a6 34. Nd2 Nd6 35. Kd3 b5 36. cxb5 axb5 37. Nb1 f5 38. Nc3 Ke8 39. g4 fxg4 40. e4 h5 41. e5 Nf5 42. Nxb5 h4 43. Ke2 Nd4+ 44. Nxd4 cxd4 0-1

[Event "EYCC Girls-U12 2019"]
[Site "Bratislava"]
[Date "2019.08.09"]
[Round "8.12"]
[White "Putar, Lara"]
[Black "Komissarova, Soigina"]
[Result "1/2-1/2"]
[ECO "D30"]
[WhiteElo "1608"]
[BlackElo "1663"]
[Annotator "NA"]
[PlyCount "96"]
[EventDate "2019.08.02"]
[EventType "swiss"]
[EventCountry "SVK"]
[SourceTitle "playchess.com"]
[Source "ChessBase"]
[SourceQuality "1"]
[TimeControl "40/5400+30:1800+30"]

1. d4 d5 2. c4 e6 3. Nf3 Nf6 4. g3 Bb4+ 5. Bd2 Be7 6. Bg2 O-O 7. O-O c6 8. Nc3 dxc4 9. a4 Nbd7 10. e4 c5 11. Qe2 cxd4 12. Nxd4 Ne5 13. Rfd1 Nd3 14. Be3 Bc5 15. Nxe6 Bxe6 16. Bxc5 Re8 17. Be3 Qe7 18. Nd5 Bxd5 19. exd5 Qb4 20. Rab1 Qb3 21. Qd2 Ne4 22. Bxe4 Rxe4 23. Qc3 Qxc3 24. bxc3 Re7 25. Bf4 Rd7 26. d6 f6 27. h4 Re8 28. Rd2 a6 29. a5 g6 30. Kg2 Kg7 31. Rb6 h6 32. Rd1 g5 33. hxg5 hxg5 34. Be3 Rf8 35. Rdb1 Rff7 36. f4 Kg6 37. Kf3 Kf5 38. g4+ Ke6 39. Ke4 gxf4 40. Bxf4 Rg7 41. Kf3 Rh7 42. Rd1 Rh3+ 43. Bg3 f5 44. gxf5+ Kxf5 45. Rg1 Rg7 46. Rbb1 Ne5+ 47. Kf2 Nd3+ 48. Kf3 Rh5 1/2-1/2

[Event "EYCC Girls-U12 2019"]
[Site "Bratislava"]
[Date "2019.08.09"]
[Round "8.13"]
[White "Maria, Lia-Alexandra"]
[Black "Tran, Alva Ling"]
[Result "0-1"]
[ECO "B42"]
[WhiteElo "1572"]
[BlackElo "1712"]
[Annotator "NA"]
[PlyCount "96"]
[EventDate "2019.08.02"]
[EventType "swiss"]
[EventCountry "SVK"]
[SourceTitle "playchess.com"]
[Source "ChessBase"]
[SourceQuality "1"]
[TimeControl "40/5400+30:1800+30"]

1. e4 c5 2. Nf3 e6 3. d4 cxd4 4. Nxd4 a6 5. Bd3 Nf6 6. O-O Qc7 7. Nd2 Nc6 8. N2f3 Nxd4 9. Nxd4 Bc5 10. Nb3 Ba7 11. Kh1 h5 12. Qf3 Ng4 13. Bf4 d6 14. Rad1 e5 15. Bd2 Nxf2+ 16. Rxf2 Bg4 17. Qxf7+ Qxf7 18. Rxf7 Kxf7 19. Bc4+ Be6 20. Rf1+ Ke7 21. Bg5+ Kd7 22. Bd3 Rhf8 23. Rd1 Rf2 24. Bh4 Rf7 25. h3 Bf2 26. Bg5 Bg3 27. Be2 Rc8 28. Bd3 Bc4 29. Bxc4 Rxc4 30. c3 Ke6 31. Nd2 Rc8 32. Nf3 Rd7 33. Be3 Bf4 34. Bxf4 exf4 35. Rd5 Rc5 36. Nd4+ Kf7 37. Kg1 Rxd5 38. exd5 Re7 39. Nf5 Re2 40. b4 Rxa2 41. Nxd6+ Ke7 42. Nxb7 Rc2 43. d6+ Kd7 44. Nc5+ Kxd6 45. Kf1 Kc6 46. Ne6 Rxc3 47. Nxg7 Rb3 48. Nxh5 Rxb4 0-1

[Event "EYCC Girls-U12 2019"]
[Site "Bratislava"]
[Date "2019.08.09"]
[Round "8.14"]
[White "Fileru, Maria"]
[Black "Dubovik, Maria"]
[Result "1/2-1/2"]
[ECO "D35"]
[WhiteElo "1602"]
[BlackElo "1504"]
[Annotator "NA"]
[PlyCount "98"]
[EventDate "2019.08.02"]
[EventType "swiss"]
[EventCountry "SVK"]
[SourceTitle "playchess.com"]
[Source "ChessBase"]
[SourceQuality "1"]
[TimeControl "40/5400+30:1800+30"]

1. d4 Nf6 2. c4 e6 3. Nc3 d5 4. cxd5 exd5 5. Bg5 Be7 6. e3 O-O 7. Bd3 h6 8. Bh4 b6 9. Qc2 Bb7 10. Nf3 c5 11. O-O Na6 12. a3 Nc7 13. Rad1 Ne6 14. Bf5 cxd4 15. exd4 Bc8 16. Ne5 Qc7 17. Bxf6 Bxf6 18. f4 Rd8 19. Qa4 Bxe5 20. fxe5 Qe7 21. Qb3 Ba6 22. Rf3 Bc4 23. Qc2 Re8 24. b3 Ba6 25. Nxd5 Qd8 26. Bxe6 fxe6 27. Nc7 Be2 28. Qxe2 Qxc7 29. Qe4 Rad8 30. Rfd3 Qe7 31. b4 Rd5 32. Rc3 Red8 33. g3 Qg5 34. Rcd3 Rf8 35. Rf3 Rc8 36. Qf4 Qg6 37. Rf2 Rc2 38. Rdd2 Rc3 39. Rf3 Qb1+ 40. Kg2 Rxf3 41. Qxf3 Qa1 42. Qd3 Qe1 43. Rc2 Qxe5 44. Rc8+ Kf7 45. dxe5 Rxd3 46. Rc7+ Kg6 47. Rxa7 Kf5 48. Rxg7 Kxe5 49. a4 Rd4 1/2-1/2

[Event "EYCC Girls-U12 2019"]
[Site "Bratislava"]
[Date "2019.08.09"]
[Round "8.15"]
[White "Nordquelle, Amelia"]
[Black "Arora, Tashika"]
[Result "0-1"]
[ECO "D85"]
[WhiteElo "1648"]
[BlackElo "1447"]
[Annotator "NA"]
[PlyCount "110"]
[EventDate "2019.08.02"]
[EventType "swiss"]
[EventCountry "SVK"]
[SourceTitle "playchess.com"]
[Source "ChessBase"]
[SourceQuality "1"]
[TimeControl "40/5400+30:1800+30"]

1. d4 Nf6 2. c4 g6 3. Nc3 d5 4. cxd5 Nxd5 5. e4 Nxc3 6. bxc3 Bg7 7. Be3 O-O 8. Bc4 c5 9. Ne2 Nc6 10. O-O Bg4 11. f3 cxd4 12. cxd4 Bd7 13. Rb1 Qc7 14. Qd3 Rac8 15. Rfc1 e6 16. f4 Qb8 17. Ba6 Na5 18. Bd2 Rxc1+ 19. Nxc1 Qd6 20. e5 Qxa6 21. Qxa6 bxa6 22. Bxa5 Bb5 23. Nb3 Rc8 24. Nc5 Bf8 25. Bb4 a5 26. Bxa5 Bxc5 27. dxc5 Rxc5 28. Rd1 Rc8 29. Rd2 Kf8 30. Kf2 a6 31. Kf3 h5 32. g4 hxg4+ 33. Kxg4 Kg7 34. Bd8 Bc6 35. Kg5 Bb5 36. Be7 Bc6 37. Rd3 Bg2 38. Rg3 Bf1 39. Rg1 Bh3 40. Rg3 Bf1 41. Bf6+ Kg8 42. Rf3 Bg2 43. Rd3 Bf1 44. Rb3 Be2 45. f5 exf5 46. e6 fxe6 47. Kxg6 Kf8 48. Rb7 Bd3 49. Bg7+ Ke8 50. Kf6 Bc4 51. a3 Bd5 52. h4 Bxb7 53. h5 f4 54. h6 Be4 55. Ke5 Bf5 0-1

[Event "EYCC Girls-U12 2019"]
[Site "Bratislava"]
[Date "2019.08.09"]
[Round "8.16"]
[White "Salajan, Stefania"]
[Black "Gasimova, Samra"]
[Result "1/2-1/2"]
[ECO "C00"]
[WhiteElo "1482"]
[BlackElo "1695"]
[Annotator "NA"]
[PlyCount "52"]
[EventDate "2019.08.02"]
[EventType "swiss"]
[EventCountry "SVK"]
[SourceTitle "playchess.com"]
[Source "ChessBase"]
[SourceQuality "1"]
[TimeControl "40/5400+30:1800+30"]

1. e4 e6 2. f4 d5 3. e5 c5 4. Nf3 Nc6 5. c3 d4 6. Bd3 Nge7 7. Be4 Nd5 8. d3 g6 9. c4 Nde7 10. O-O Bg7 11. Na3 a6 12. Nc2 Rb8 13. a4 O-O 14. Bd2 Qc7 15. b4 b6 16. b5 axb5 17. axb5 Nd8 18. Ra3 Bb7 19. Qe2 Bxe4 20. Qxe4 Nb7 21. Rfa1 Bh6 22. Ra7 Nc8 23. R7a3 Ne7 24. Bc1 Bg7 25. Nd2 Bh6 26. Nf1 f6 1/2-1/2

[Event "EYCC Girls-U12 2019"]
[Site "Bratislava"]
[Date "2019.08.09"]
[Round "8.17"]
[White "Budagova, Leyla"]
[Black "Korovina, Yana"]
[Result "0-1"]
[ECO "C42"]
[WhiteElo "1442"]
[BlackElo "1602"]
[Annotator "NA"]
[PlyCount "74"]
[EventDate "2019.08.02"]
[EventType "swiss"]
[EventCountry "SVK"]
[SourceTitle "playchess.com"]
[Source "ChessBase"]
[SourceQuality "1"]
[TimeControl "40/5400+30:1800+30"]

1. e4 e5 2. Nf3 Nf6 3. Nxe5 d6 4. Nf3 Nxe4 5. Nc3 Nxc3 6. dxc3 Be7 7. Bd3 Nc6 8. O-O O-O 9. h3 Be6 10. Be3 Qd7 11. Nd4 Nxd4 12. Bxd4 Bf5 13. Be2 Bg5 14. f4 Be7 15. Bf3 c6 16. g4 Be6 17. f5 Bc4 18. Rf2 Bg5 19. b3 Ba6 20. c4 Rac8 21. Rh2 Rfe8 22. Bb2 Qc7 23. h4 Bf4 24. Rg2 Qe7 25. g5 Qe3+ 26. Kh1 Be5 27. Bxe5 Qxe5 28. Rb1 Rcd8 29. f6 g6 30. h5 Qf4 31. hxg6 hxg6 32. Rg4 Qf5 33. Rg2 Re3 34. Rg3 Rde8 35. Rc1 d5 36. cxd5 Be2 37. Bxe2 Rxg3 0-1

[Event "EYCC Girls-U12 2019"]
[Site "Bratislava"]
[Date "2019.08.09"]
[Round "8.18"]
[White "Darmaeva, Nomina"]
[Black "Tsirekidze, Barbare"]
[Result "0-1"]
[ECO "C10"]
[WhiteElo "1408"]
[BlackElo "1527"]
[Annotator "NA"]
[PlyCount "86"]
[EventDate "2019.08.02"]
[EventType "swiss"]
[EventCountry "SVK"]
[SourceTitle "playchess.com"]
[Source "ChessBase"]
[SourceQuality "1"]
[TimeControl "40/5400+30:1800+30"]

1. e4 e6 2. d4 d5 3. Nc3 dxe4 4. Nxe4 Nd7 5. Nf3 Ngf6 6. Nxf6+ Nxf6 7. Bd3 Be7 8. O-O O-O 9. c3 b6 10. Re1 Bb7 11. Qe2 c5 12. dxc5 Bxc5 13. Bg5 h6 14. Bh4 Be7 15. Rad1 Qc8 16. Ne5 Rd8 17. h3 a6 18. a4 Nd5 19. Bxe7 Nxe7 20. Qh5 Rf8 21. Re3 Nf5 22. Bxf5 exf5 23. Rg3 Qe6 24. Re1 Be4 25. Nd3 Qd6 26. Nc1 f4 27. Rg4 Bg6 28. Qe5 Qxe5 29. Rxe5 Rfe8 30. Rxe8+ Rxe8 31. Na2 Bb1 32. Nb4 g5 33. Nd5 Re1+ 34. Kh2 f5 35. Rxf4 gxf4 36. Nxf4 Bc2 37. Nd5 Bxa4 38. Nxb6 Bc6 39. Nc8 Kg7 40. Nd6 Kf6 41. Nc4 Re2 42. Kg3 Bb5 43. Ne3 Rxb2 0-1

[Event "EYCC Girls-U12 2019"]
[Site "Bratislava"]
[Date "2019.08.09"]
[Round "8.19"]
[White "Chicarosie, Ioana-Bianca"]
[Black "Khegai, Darya"]
[Result "1-0"]
[ECO "A46"]
[WhiteElo "1580"]
[BlackElo "1402"]
[Annotator "NA"]
[PlyCount "53"]
[EventDate "2019.08.02"]
[EventType "swiss"]
[EventCountry "SVK"]
[SourceTitle "playchess.com"]
[Source "ChessBase"]
[SourceQuality "1"]
[TimeControl "40/5400+30:1800+30"]

1. d4 Nf6 2. Nf3 e6 3. Nbd2 c5 4. c3 Nc6 5. e3 Be7 6. Bd3 b6 7. O-O Bb7 8. Re1 O-O 9. e4 cxd4 10. cxd4 d6 11. Nf1 Rc8 12. Bd2 Rc7 13. Qe2 Qd7 14. Rac1 Rfc8 15. Ng3 Bf8 16. e5 dxe5 17. dxe5 Nd5 18. Bxh7+ Kxh7 19. Ng5+ Kg8 20. Qh5 Bb4 21. Qh7+ Kf8 22. Nh5 Nxe5 23. Bxb4+ Nxb4 24. Qxg7+ Ke7 25. Qf6+ Kf8 26. Nh7+ Ke8 27. Ng7# 1-0

[Event "EYCC Girls-U12 2019"]
[Site "Bratislava"]
[Date "2019.08.09"]
[Round "8.20"]
[White "Lapushnian, Maya"]
[Black "Berezovsky, Fiorina"]
[Result "0-1"]
[ECO "B22"]
[WhiteElo "1360"]
[BlackElo "1591"]
[Annotator "NA"]
[PlyCount "76"]
[EventDate "2019.08.02"]
[EventType "swiss"]
[EventCountry "SVK"]
[SourceTitle "playchess.com"]
[Source "ChessBase"]
[SourceQuality "1"]
[TimeControl "40/5400+30:1800+30"]

1. e4 c5 2. c3 d5 3. exd5 Qxd5 4. d4 e6 5. Nf3 Nf6 6. Bd3 cxd4 7. cxd4 Nc6 8. O-O Be7 9. Nc3 Qd8 10. h3 O-O 11. Be3 Nb4 12. Bb1 b6 13. a3 Nbd5 14. Nxd5 Qxd5 15. Qd3 h6 16. Bf4 a5 17. Be5 Ba6 18. Qd1 Bxf1 19. Qxf1 Ne4 20. Qe2 Nd6 21. Qd3 g6 22. Qe3 Kh7 23. Bf4 Nc4 24. Qe2 Rac8 25. Ba2 Qb5 26. Rd1 Nxa3 27. Qe4 Qxb2 28. Bxe6 fxe6 29. Qxe6 Qb4 30. Re1 Rce8 31. Qd7 Nb5 32. Re6 a4 33. Bd2 Qb1+ 34. Kh2 Qf5 35. Rxe7+ Rxe7 36. Qxe7+ Rf7 37. Qb4 a3 38. Ne5 a2 0-1

[Event "EYCC Girls-U12 2019"]
[Site "Bratislava"]
[Date "2019.08.09"]
[Round "8.21"]
[White "Lomakina, Anzhelika"]
[Black "Koniadze, Lizi"]
[Result "1-0"]
[ECO "B01"]
[WhiteElo "1752"]
[BlackElo "1283"]
[Annotator "NA"]
[PlyCount "105"]
[EventDate "2019.08.02"]
[EventType "swiss"]
[EventCountry "SVK"]
[SourceTitle "playchess.com"]
[Source "ChessBase"]
[SourceQuality "1"]
[TimeControl "40/5400+30:1800+30"]

1. e4 d5 2. exd5 Qxd5 3. Nc3 Qa5 4. d4 Nf6 5. Nf3 Bg4 6. h3 Bh5 7. g4 Bg6 8. Ne5 e6 9. Nxg6 hxg6 10. Qf3 c6 11. Bd2 Nbd7 12. O-O-O Be7 13. Bc4 Qc7 14. Rhe1 Nb6 15. Bb3 Bd6 16. Bg5 O-O-O 17. Kb1 Rh7 18. a3 Rdh8 19. Rd3 a6 20. Bxf6 gxf6 21. Qxf6 Rxh3 22. Ne4 Bf4 23. Nc5 Nd5 24. Bxd5 cxd5 25. Nxe6 fxe6 26. Rc3 Rxc3 27. Qxh8+ Qd8 28. Qxd8+ Kxd8 29. bxc3 Kd7 30. Kb2 Kd6 31. Kb3 g5 32. c4 dxc4+ 33. Kxc4 b5+ 34. Kd3 Kd5 35. a4 Bc7 36. axb5 axb5 37. Rh1 Bf4 38. Rh8 Kc6 39. Ke4 Kd6 40. Rf8 Bh2 41. Rb8 Kc6 42. Rc8+ Kb6 43. Re8 Bf4 44. Rxe6+ Kc7 45. Kf5 Bd2 46. d5 Bf4 47. Rg6 b4 48. Rxg5 Bxg5 49. Kxg5 Kd6 50. Kf6 Kxd5 51. g5 Kc4 52. g6 Kc3 53. g7 1-0

[Event "EYCC Girls-U12 2019"]
[Site "Bratislava"]
[Date "2019.08.09"]
[Round "8.22"]
[White "Mosurovic, Milena"]
[Black "Kapicakova, Lucia"]
[Result "0-1"]
[ECO "B13"]
[WhiteElo "1445"]
[BlackElo "1671"]
[Annotator "NA"]
[PlyCount "74"]
[EventDate "2019.08.02"]
[EventType "swiss"]
[EventCountry "SVK"]
[SourceTitle "playchess.com"]
[Source "ChessBase"]
[SourceQuality "1"]
[TimeControl "40/5400+30:1800+30"]

1. e4 c6 2. d4 d5 3. exd5 cxd5 4. Bd3 Nc6 5. c3 Nf6 6. Nf3 Bg4 7. Bf4 e6 8. Nbd2 Bd6 9. Bxd6 Qxd6 10. Qa4 a6 11. O-O O-O 12. Rfe1 b5 13. Qc2 Bxf3 14. Nxf3 h6 15. Qe2 Rfc8 16. Ne5 Na5 17. f4 b4 18. cxb4 Qxb4 19. Qf2 Nc6 20. Rec1 Nxd4 21. Bxa6 Rxc1+ 22. Rxc1 Rxa6 23. Rc8+ Kh7 24. Nxf7 Ng8 25. Qf1 Qb5 26. Qb1+ Nf5 27. g4 Qd7 28. Rd8 Qxf7 29. gxf5 exf5 30. Qd3 Qg6+ 31. Kf1 Rxa2 32. Qxd5 Ra1+ 33. Ke2 Qa6+ 34. Kf2 Qf1+ 35. Kg3 Qg1+ 36. Qg2 Qe3+ 37. Kh4 Qe7+ 0-1